 Dungeon Crawl Stone Soup version 0.17-a0-1731-g129c023 (webtiles) character file.

207 kosy22 the Ducker (level 5, -1/50 HPs)
             Began as a Troll Fighter on Aug 29, 2015.
             Killed from afar by an orc wizard (12 damage)
             ... with a puff of frost
             ... on level 4 of the Dungeon.
             The game lasted 00:16:04 (4575 turns).

kosy22 the Ducker (Troll Fighter)                   Turns: 4575, Time: 00:16:05

Health: -1/50      AC:  6    Str: 25    XL:     5   Next: 54%
Magic:  4/4        EV:  9    Int:  4    God:
Gold:   197        SH: 10    Dex:  9    Spells: 0 memorised, 4 levels left

rFire  . . .     SeeInvis .     a - +1 rapier
rCold  . . .     Clarity  .     b - +1 robe
rNeg   . . .     SustAt   .     c - +1 shield
rPois  .         Gourm    +     (helmet restricted)
rElec  .         Spirit   .     (no cloak)
rCorr  .         Warding  .     (gloves unavailable)
rMut   .         Stasis   .     (boots unavailable)
MR     .....                    (no amulet)
Stlth  +.........               (no ring)
                                (no ring)

@: not resistant to hostile enchantments, very unstealthy
A: unfitting armour, claws 3, fast metabolism 3, gourmand, regeneration 2,
shaggy fur 1, tough skin 2
a: no special abilities


You were on level 4 of the Dungeon.
You were full.

You visited 1 branch of the dungeon, and saw 4 of its levels.

You collected 197 gold pieces.

Inventory:

Hand weapons
 a - a +1 rapier (weapon)
 s - a +0 blowgun
Missiles
 l - 106 stones (quivered)
 t - 20 poisoned needles
Armour
 b - a +1 robe (worn)
 c - a +1 shield (worn)
 f - a +0 pair of boots
 m - a +0 chain mail
Scrolls
 n - a scroll of amnesia
Potions
 d - 3 potions of might
 e - a potion of heal wounds {unknown}
 h - 3 potions of curing
 i - a potion of magic {unknown}
 j - a potion of haste
 p - a potion of beneficial mutation
 r - a potion of invisibility {unknown}
Books
 o - a book of Summonings

   Spells                             Type                      Level
   a - Recall                         Summoning/Translocation      3
   b - Aura of Abjuration             Summoning                    5
   c - Shadow Creatures               Summoning                    5
   d - Summon Demon                   Summoning                    5
   e - Summon Forest                  Summoning/Translocation      5
   f - Summon Mana Viper              Hexes/Summoning              5


   Skills:
 + Level 2.7 Fighting
 + Level 2.0 Short Blades
 + Level 4.0 Dodging
 + Level 0.1 Stealth
 + Level 3.5 Shields


You had 4 spell levels left.
You didn't know any spells.

Dungeon Overview and Level Annotations

Branches:
Dungeon (4/15)
 Temple: D:4-7

Altars:
Ashenzari
Zin


Innate Abilities, Weirdness & Mutations

You are too large for most types of armour.
You have claws for hands.
Your metabolism is lightning-fast.
You like to eat raw meat.
You heal very quickly.
You are covered in fur (AC +1).
You have very tough skin (AC +2).


Message History

The orc priest barely misses you.
You puncture the orc!
You kill the orc!
The orc wizard casts a spell.
The orc wizard seems to speed up.
The orc priest mumbles some strange prayers to Beogh against you.
Pain shoots through your body! The orc wizard casts a spell at you.
You block the puff of flame. You block the orc wizard's attack.
The orc priest calls down the wrath of Beogh upon you.
Pain shoots through your body!
Things that are here:
a short sword; a leather armour; an orc corpse The orc priest invokes the aid of Beogh against you.
Something smites you!
* * * LOW HITPOINT WARNING * * *
Found 11 gold pieces.
The orc wizard casts a spell at you. The puff of frost hits you!
You die...

#... #... ## ## #..#
.. . #..# .. . #..#
.#.# #####..#####
(#.# #...........
..$
#....#.######.#.#
#..#)....†o.@...#
#..#####..o........)
#..#####.####.####..
#......... .#
#...####.## .. #...#
#.# ### #...# #.#
#...# #.# #...#


You could see an orc priest and an orc wizard.

Vanquished Creatures
  The ghost of Goblin1989 the Insei, a weakling HuTm (D:3)
  5 adders
  4 gnolls (D:3)
  4 worms
  3 giant geckos
  5 orcs
  6 bats
  7 giant cockroaches
  8 goblins
  6 hobgoblins
  A quokka (D:3)
  5 giant newts
  10 kobolds
  8 rats
73 creatures vanquished.

Notes
Turn   | Place    | Note
--------------------------------------------------------------
     0 | D:1      | kosy22 the Troll Fighter began the quest for the Orb.
     0 | D:1      | Reached XP level 1. HP: 22/22 MP: 0/0
   135 | D:1      | Found a shattered altar of Ashenzari.
   266 | D:1      | Reached XP level 2. HP: 19/29 MP: 1/1
  1342 | D:2      | Reached XP level 3. HP: 29/36 MP: 2/2
  1382 | D:2      | Reached skill level 3 in Dodging
  1535 | D:2      | Found a faded altar to an unknown god.
  1869 | D:2      | Found a glowing silver altar of Zin.
  2373 | D:3      | Reached XP level 4. HP: 42/44 MP: 3/3
  3542 | D:3      | Noticed Goblin1989's ghost (weakling HuTm)
  3569 | D:3      | Killed Goblin1989's ghost
  3569 | D:3      | Reached XP level 5. HP: 21/50 MP: 4/4
  3586 | D:3      | Reached skill level 4 in Dodging
  4575 | D:4      | Killed from afar by an orc wizard

Vault maps used:
D:1:      roderic_chinese_lattice_arrival, ashenzari_altar_1
D:2:      overflow_temple_1_default, ecumenical_altar_1
D:3:      first_bread, serial_curves, eino_curves_03, eino_curves_02

Action                   |  1- 3 |  4- 6 || total
-------------------------+-------+-------++-------
Melee: Rapier            |   243 |   163 ||   406
Throw: Stone             |       |     3 ||     3
  Use: Scroll            |       |    11 ||    11
       Potion            |       |     2 ||     2
  Eat: Chunk             |     5 |    22 ||    27
       Bread ration      |     2 |     1 ||     3
       Fruit             |     3 |       ||     3
       Beef jerky        |     1 |       ||     1
